 Dungeon Crawl Stone Soup version 0.26-a0-274-g7ed2249 (webtiles) character file.

Game seed: 15554147691343808933

264 Firecrotchwizard the Insei (level 6, 0/30 HPs)
             Began as a Vine Stalker Transmuter on July 11, 2020.
             Succumbed to a gnoll's poison
             ... on level 3 of the Dungeon.
             The game lasted 00:07:33 (3600 turns).

Firecrotchwizard the Insei (VSTm)                   Turns: 3600, Time: 00:07:34

Health: 0/30       AC:  5    Str: 12    XL:     6   Next: 19%
Magic:  2/10       EV: 12    Int: 15    God:
Gold:   204        SH:  0    Dex: 15    Spells: 2/9 levels left

rFire    . . .     SeeInvis .     - Unarmed
rCold    . . .     Faith    .   (no shield)
rNeg     . . .     Spirit   +   b - +0 robe
rPois    .         Reflect  .   (no helmet)
rElec    .         Harm     .   (no cloak)
rCorr    .                      (no gloves)
MR       .....                  g - +2 pair of boots
Stlth    ++........             (no amulet)
HPRegen  0.50/turn              s - ring of stealth {Stlth+}
MPRegen  0.12/turn              u - ring of flight {+Fly, !d}

@: lethally poisoned (0 -> -2), appendage
A: fangs 2, horns 2, regeneration 1, magic shield, antimagic bite, no potion
heal 3, rot immunity
a: End Transformation, Evoke Flight


You were on level 3 of the Dungeon.
You had grown temporary horns.
You visited 1 branch of the dungeon, and saw 4 of its levels.

You collected 204 gold pieces.

Inventory:

Missiles
 a - 102 arrows
Armour
 b - a +0 robe (worn)
 g - a +2 pair of boots (worn)
   (You found it on level 1 of the Dungeon)
 z - a +0 ring mail
   (You found it on level 3 of the Dungeon)
Magical Staves
 n - an uncursed staff of poison {rPois}
   (You found it on level 2 of the Dungeon)
Jewellery
 s - a ring of stealth (left hand) {Stlth+}
   (You found it on level 3 of the Dungeon)
 u - a ring of flight (right hand) {+Fly, !d}
   (You found it on level 3 of the Dungeon)
Wands
 t - a wand of paralysis (6)
   (You took it off an orc on level 3 of the Dungeon)
Scrolls
 f - 2 scrolls of enchant weapon {unknown}
 h - a scroll of fog {unknown}
 j - a scroll of noise {unknown}
 k - 4 scrolls of identify {unknown}
 o - 4 scrolls of remove curse
 r - a scroll of teleportation {unknown}
 w - a scroll of fear {unknown}
 y - a scroll of magic mapping {unknown}
Potions
 c - 2 potions of might {unknown}
 d - a potion of flight {unknown}
 e - 5 potions of brilliance {unknown}
 i - a potion of berserk rage {unknown}
 l - a potion of resistance {unknown}
 m - a potion of heal wounds {unknown}
 p - a potion of ambrosia {unknown}
 v - a potion of invisibility {unknown}
 x - 2 potions of curing {unknown}


   Skills:
 - Level 1.0 Fighting
 - Level 1.6 Dodging
 * Level 5.1 Unarmed Combat
 - Level 2.2 Spellcasting
 + Level 4.1 Transmutations
 + Level 1.6 Ice Magic


You had 2 spell levels left.
You knew the following spells:

 Your Spells              Type           Power        Failure   Level
a - Beastly Appendage     Tmut           ##....       4%          1
b - Ice Form              Ice/Tmut       ##......     54%         4
s - Sticks to Snakes      Tmut           ##......     6%          2

Your spell library contained the following spells:

 Spells                   Type           Power        Failure   Level
 Spider Form              Tmut/Pois      #.........   28%         3
 Blade Hands              Tmut           ##........   73%         5


Dungeon Overview and Level Annotations

Branches:
Dungeon (4/15)
 Temple: D:4-7

Altars:
Xom
Yredelemnul


Innate Abilities, Weirdness & Mutations

You have extremely sharp teeth.
Your natural rate of healing is unusually fast.
When hurt, damage is shared between your health and your magic reserves.
Your bite disrupts and absorbs the magic of your enemies.
Potions cannot restore your health.
You are immune to rotting.
You have a pair of horns on your head.


Message History

MP restored: 10 The gnoll shaman calls down the wrath of its god upon you.
You easily resist.
There is a stone staircase leading down here.
The gnoll shaman mumbles some strange prayers to its god against you.
You easily resist.
Your horns disappear.
There is a stone staircase leading up here.
There is a stone staircase leading up here.
The gnoll shaman hits you with a +0 club!
You climb upwards.
There is a stone staircase leading down here.
You take 4 damage, and have 26/30 hp.
You now have 8/10 mp.
You hit the gnoll shaman. Your bite misses the gnoll shaman.
The gnoll shaman barely misses you.
You closely miss the gnoll shaman. You bite the gnoll shaman.
You drain its power.
You feel invigorated.
MP restored: 10 You closely miss the gnoll shaman.
Your bite misses the gnoll shaman. The gnoll shaman misses you.
You hit the gnoll shaman but do no damage.
The gnoll shaman misses you.
You hit the gnoll shaman.
You bite the gnoll shaman, but do no damage.
The gnoll shaman prays to its god.
The gnoll shaman is healed somewhat.
You hit the gnoll shaman. You bite the gnoll shaman. You drain its power.
The gnoll shaman closely misses you.
You hit the gnoll shaman but do no damage.
Your bite misses the gnoll shaman. The gnoll shaman barely misses you.
You hit the gnoll shaman but do no damage.
Your bite misses the gnoll shaman. You closely miss the gnoll shaman.
Your bite misses the gnoll shaman.
The gnoll shaman hits you but does no damage.
Health restored: 30 You hit the gnoll shaman but do no damage.
Your bite misses the gnoll shaman.
The gnoll shaman hits you with a +0 club!
You take 7 damage, and have 23/30 hp.
MASSIVE DAMAGE!!
You now have 8/10 mp.
You grow a pair of large bovine horns.
The gnoll shaman completely misses you.
You now have 7/10 mp.
You closely miss the gnoll shaman. Your headbutt misses the gnoll shaman.
The gnoll shaman hits you with a +0 club.
You take 2 damage, and have 22/30 hp.
You now have 6/10 mp.
You punch the gnoll shaman! You headbutt the gnoll shaman.
You kill the gnoll shaman!
Things that are here:
a +0 club; a +0 robe
Things that are here:
a +0 club; a +0 robe
There is a stone staircase leading down, spattered with blood here.
You start resting.
Your transformation is almost over.
You regained 4 hp, and now have 28/30 hp.
Your horns disappear.
There is a stone staircase leading down here.
Health restored: 30; MP restored: 10 You climb downwards.
The gnoll hits you with a +2 halberd of venom!
The gnoll misses you.
There is a stone staircase leading up, spattered with blood here.
You take 10 damage, and have 20/30 hp.
MASSIVE DAMAGE!!
You now have 6/10 mp.
The gnoll closely misses you. x2
You climb upwards.
There is a stone staircase leading down here.
You grow a pair of large bovine horns.
The gnoll closely misses you.
You now have 5/10 mp.
You hit the gnoll. You headbutt the gnoll. You bite the gnoll.
You drain its power.
You feel invigorated.
The gnoll hits you with a +2 halberd of venom!
You are poisoned.
You take 9 damage, and have 12/30 hp.
MASSIVE DAMAGE!!
You now have 4/10 mp.
You hit the gnoll but do no damage. Your headbutt misses the gnoll.
You bite the gnoll. You drain its power.
You feel invigorated.
You feel sick.
You take 1 damage, and have 11/30 hp.
You regained 2 mp, and now have 6/10 mp.
You hit the gnoll.
You feel sick.
The gnoll hits you with a +2 halberd of venom.
* * * LOW HITPOINT WARNING * * *
You take 2 damage, and have 9/30 hp.
You now have 4/10 mp.
You hit the gnoll.
You headbutt the gnoll, but do no damage.
You feel sick.
The gnoll hits you with a +2 halberd of venom!
* * * LOW HITPOINT WARNING * * *
You take 8 damage, and have 1/30 hp.
MASSIVE DAMAGE!!
You now have 1/10 mp.
You barely miss the gnoll. You bite the gnoll, but do no damage.
* * * LOW HITPOINT WARNING * * *
You feel sick. The gnoll closely misses you.
You hit the gnoll.
You kill the gnoll!
You die...

#.##.###.##.# #.#############..
#.##.....##.# #.##............#
#.####.#.##.####.##.########..##
#.# ##.#.........##.###.# ##.##
#.# #...................# #.##
#.# #..###.#.##...#.#...# #.##
#.# #.....###.........#.# #...
##.# ###.### ###.#.#.#.#.# ####
...# #.# #@#.......#### # ...#
#.# #)##.####....##### ##.# #.#
#....# #.##....## #.#####.##
#.#### #.#####.## #.......###
#.# #.# #...
###############.#######.# ####
###.......#.....).# #...
##.#######.###.#.#####.## #.#
#.##.#..##....##


There were no monsters in sight!

Vanquished Creatures
  An ogre (D:4)
  A gnoll shaman (D:3)
  3 gnolls
  3 adders
  3 oozes
  2 worms
  A dart slug (D:3)
  3 leopard geckos
  2 orcs (D:3)
  2 ball pythons (D:3)
  11 bats
  5 giant cockroaches
  2 gnoll zombies (D:2)
  6 goblins
  7 hobgoblins
  A quokka (D:3)
  6 frilled lizards
  5 kobolds
  A quokka zombie (D:3)
  11 rats
76 creatures vanquished.

Notes
Turn   | Place    | Note
-------+----------+-------------------------------------------
     0 | D:1      | Firecrotchwizard the Vine Stalker Transmuter began the
                  | quest for the Orb.
     0 | D:1      | Reached XP level 1. HP: 9/9 MP: 4/4
    53 | D:1      | Reached skill level 1 in Fighting
   224 | D:1      | Reached XP level 2. HP: 14/14 MP: 4/6
   614 | D:1      | Learned a level 2 spell: Sticks to Snakes
   702 | D:1      | Reached XP level 3. HP: 18/18 MP: 7/7
  1268 | D:2      | Reached skill level 3 in Transmutations
  1764 | D:2      | Found a basalt altar of Yredelemnul.
  1872 | D:2      | Gained mutation: Your natural rate of healing is unusually
                  | fast. [Vine Stalker growth]
  1872 | D:2      | Reached XP level 4. HP: 20/22 MP: 8/8
  1935 | D:2      | Reached skill level 4 in Unarmed Combat
  2452 | D:3      | Learned a level 4 spell: Ice Form
  2862 | D:3      | Reached XP level 5. HP: 19/25 MP: 5/9
  3245 | D:3      | Found a shimmering altar of Xom.
  3257 | D:4      | Noticed an ogre
  3270 | D:4      | Killed an ogre
  3270 | D:4      | Reached skill level 1 in Ice Magic
  3361 | D:4      | HP: 6/25 [gnoll/+1 vorpal flail (9)]
  3409 | D:4      | Reached skill level 4 in Transmutations
  3414 | D:4      | Reached skill level 5 in Unarmed Combat
  3414 | D:4      | Reached XP level 6. HP: 22/30 MP: 8/10
  3598 | D:3      | HP: 1/30 [gnoll/+2 halberd of venom (7)]
  3600 | D:3      | Succumbed to a gnoll's poison

Illustrated notes

Levels and vault maps discovered:
D:1:      eino_arrival_cavern_b, layout_basic, minmay_pentomino_o2
D:2:      kennysheep_big_flooded_room, layout_basic,
          lemuel_zombie_altar_yredelemnul
D:3:      lemuel_upstairs_altar, layout_loops_ring, serial_co_window_serial,
          co_window_paths_a, co_window_paths_a, co_window_of_opportunity_a,
          co_window_corner_a, co_window_corner_a, co_window_of_opportunity_b,
          co_window_paths_c, co_window_broadway_a, co_window_2corner,
          co_window_broadway_b, co_window_cross_3, co_window_4corner_a,
          glass_columns_a, glass_columns_b, glass_columns_a
D:4:      layout_layer_cave

Skill      XL: |  1  2  3  4  5 |
---------------+----------------+-----
Fighting       | 1 |  1.0
Transmutations | 3 4 |  4.1
Unarmed Combat | 4 5 |  5.1
Ice Magic      | 1 |  1.6
Dodging        | |  1.6
Spellcasting   | |  2.2

Action                   |  1- 3 |  4- 6 || total
-------------------------+-------+-------++-------
Melee: Unarmed           |   123 |   144 ||   267
       Bite              |    26 |    37 ||    63
       Headbutt          |     3 |     8 ||    11
       Kick              |     1 |       ||     1
       Punch             |     1 |     1 ||     2
Throw: Throwing net      |       |     1 ||     1
 Cast: Beastly Appendage |    10 |     8 ||    18
  Use: Scroll            |       |     3 ||     3
 Stab: Sleeping          |       |     6 ||     6
Armor: Robe              |    37 |    33 ||    70
Dodge: Dodged            |    84 |   106 ||   190

Table legend:
 A = Non-vault XP
 B = Vault XP
 C = Vault XP percentage of total XP
 D = Non-vault monster count
 E = Vault monster count
 F = Vault count percentage of total count
                 A         B        C        D         E       F
            +---------+---------+-------+---------+---------+-------
      Total |     371 |       7 |   1.9 |      72 |       4 |   5.3
            +---------+---------+-------+---------+---------+-------
        D:1 |      38 |       0 |   0.0 |      20 |       0 |   0.0
        D:2 |      49 |       7 |  12.5 |      19 |       4 |  17.4
        D:3 |     137 |       0 |   0.0 |      30 |       0 |   0.0
        D:4 |     147 |       0 |   0.0 |       3 |       0 |   0.0
            +---------+---------+-------+---------+---------+-------

Levels and vault maps discovered:
D:1:      eino_arrival_cavern_b, layout_basic, minmay_pentomino_o2
D:2:      kennysheep_big_flooded_room, layout_basic,
          lemuel_zombie_altar_yredelemnul
D:3:      lemuel_upstairs_altar, layout_loops_ring, serial_co_window_serial,
          co_window_paths_a, co_window_paths_a, co_window_of_opportunity_a,
          co_window_corner_a, co_window_corner_a, co_window_of_opportunity_b,
          co_window_paths_c, co_window_broadway_a, co_window_2corner,
          co_window_broadway_b, co_window_cross_3, co_window_4corner_a,
          glass_columns_a, glass_columns_b, glass_columns_a
D:4:      layout_layer_cave

Table legend:
 A = Turns spent in this place as a percentage of turns spent in the entire game.
 B = Non-inter-level travel turns spent in this place as a percentage of non-inter-level travel turns spent in the entire game.
 C = Inter-level travel turns spent in this place as a percentage of turns spent in this place.
 D = Turns resting spent in this place as a percentage of non-inter-level travel turns spent in this place.
 E = Turns spent auto-exploring this place as a percentage of non-inter-level travel turns spent in this place.
 F = Non-inter-level travel turns spent in this place divided by the number of levels of this place that you've seen.
                   A       B       C       D       E      F
               +-------+-------+-------+-------+-------+----------------------
         Total | 100.0 | 100.0 |   4.1 |   5.4 |  72.5 | 863.5
       Dungeon | 100.0 | 100.0 |   4.1 |   5.4 |  72.5 | 863.5
               +-------+-------+-------+-------+-------+----------------------

Table legend:
 A = Kills in this place as a percentage of kills in entire the game.
 B = Kills by you in this place as a percentage of kills by you in the entire game.
 C = Kills by friends in this place as a percentage of kills by friends in the entire game.
 D = Other kills in this place as a percentage of other kills in the entire game.
 E = Experience gained in this place as a percentage of experience gained in the entire game.
 F = Experience gained in this place divided by the number of levels of this place that you have seen.
                   A       B       C       D       E      F
               +-------+-------+-------+-------+-------+----------------------
         Total | 100.0 | 100.0 |   N/A |   N/A | 100.0 |  94.5
       Dungeon | 100.0 | 100.0 |   N/A |   N/A | 100.0 |  94.5
               +-------+-------+-------+-------+-------+----------------------
